 Dungeon Crawl Stone Soup version 0.25-a0-566-g062765be81 (webtiles) character file.

Game seed: 13505898277535691183, levelgen mode: deterministic

87 Flugslaktarn the Covered (level 4, -6/40 HPs)
             Began as a Minotaur Fighter on Feb 27, 2020.
             Killed from afar by Pikel (13 damage)
             ... with a bolt of acid
             ... on level 4 of the Dungeon.
             The game lasted 00:00:27 (439 turns).

Flugslaktarn the Covered (Minotaur Fighter)          Turns: 439, Time: 00:00:27

Health: -6/40      AC:  7    Str: 21    XL:     4   Next: 28%
Magic:  3/3        EV:  7    Int:  5    God:
Gold:   26         SH:  9    Dex: 10    Spells: 3/3 levels left

rFire    . . .     SeeInvis .   a - +0 war axe
rCold    . . .     Gourm    .   c - +0 kite shield
rNeg     . . .     Faith    .   b - +0 scale mail
rPois    .         Spirit   .   (helmet restricted)
rElec    .         Reflect  .   (no cloak)
rCorr    .         Harm     .   (no gloves)
MR       .....                  (no boots)
Stlth    ..........             (no amulet)
HPRegen  0.13/turn              (no ring)
MPRegen  0.08/turn              (no ring)

@: no status effects
A: retaliatory headbutt, horns 2
a: no special abilities


You were on level 4 of the Dungeon.
You were not hungry.

You visited 1 branch of the dungeon, and saw 4 of its levels.

You collected 26 gold pieces.

Inventory:

Hand Weapons
 a - a +0 war axe (weapon)
Armour
 b - a +0 scale mail (worn)
 c - a +0 kite shield (worn)
Jewellery
 h - an uncursed amulet of faith {unknown}
   (You found it on level 2 of the Dungeon)
 m - the ring of the Moon {+Blink rPois Int-4 SInv, unknown}
   (You found it on level 4 of the Dungeon)

   [ring of see invisible]

   It affects your intelligence (-4).
   It protects you from poison.
   It lets you see invisible.
   It lets you blink.
Scrolls
 g - a scroll of teleportation {unknown}
 i - a scroll of remove curse {unknown}
 j - a scroll of fog {unknown}
 k - a scroll of identify {unknown}
Potions
 d - a potion of might
 l - 2 potions of curing {unknown}
Comestibles
 e - a ration
 f - 4 chunks of flesh


   Skills:
 + Level 4.2 Fighting
 * Level 4.0 Axes
 + Level 4.2 Armour
 + Level 4.2 Shields


You had 3 spell levels left.
You didn't know any spells.
Your spell library was empty.

Dungeon Overview and Level Annotations

Branches:
Dungeon (4/15)
 Temple: D:4-7

Altars:

Annotations:
D:4 Pikel


Innate Abilities, Weirdness & Mutations

You reflexively headbutt those who attack you in melee.
You have a pair of horns on your head.


Message History

You block the quokka's attack. Pikel waves his whip at you.
Pikel zaps a wand.
The bolt of acid hits you!
You are splashed with acid!
* * * LOW HITPOINT WARNING * * *
You block the slave's attack.
You are too injured to fight recklessly!
You are too injured to fight recklessly!
You are too injured to fight recklessly!
You are too injured to fight recklessly!
You are too injured to fight recklessly!
You are too injured to fight recklessly!
You are too injured to fight recklessly!
You are too injured to fight recklessly!
Unknown command.
The quokka bites you but does no damage.
You block the quokka's attack.
Pikel zaps a wand.
The bolt of acid misses you.
The quokka twitches its whiskers.
Pikel zaps a wand.
The bolt of acid hits you!
You die...

#.........#
#.....###.#######.# #.#
####..###...........#..
#######.##....######.#..#.
#..........#.## #......
#.###.######..# .......
#.........###.## ......#
#####รท###.###..####......#
###..# #...@r.##.$......#
#####)).##
#####..pp.)####..#
#.....###### ###Kp..#
#....##.^.. ....##.#
#....#..# ######....
#......# ...... #....###
....... #...## #.......
#...# ......


You could see Pikel, 3 slaves and a quokka.

Vanquished Creatures
  A crimson imp (D:3)
  An orc wizard (D:4)
  An ooze (D:3)
  A worm (D:2)
  A dart slug (D:3)
  A leopard gecko (D:2)
  2 orcs (D:4)
  A goblin (D:2)
  A hobgoblin (D:1)
  A kobold (D:2)
  A quokka (D:4)
  3 bats
  2 rats
17 creatures vanquished.

Notes
Turn   | Place    | Note
-------+----------+-------------------------------------------
     0 | D:1      | Flugslaktarn the Minotaur Fighter began the quest for the
                  | Orb.
     0 | D:1      | Reached XP level 1. HP: 19/19 MP: 0/0
    90 | D:2      | Reached XP level 2. HP: 27/27 MP: 1/1
   267 | D:3      | Noticed a crimson imp
   293 | D:3      | Killed a crimson imp
   293 | D:3      | Reached XP level 3. HP: 31/33 MP: 2/2
   322 | D:4      | Reached XP level 4. HP: 30/40 MP: 3/3
   413 | D:4      | Got a steaming silver ring
   425 | D:4      | Noticed a slave
   425 | D:4      | Noticed a slave
   425 | D:4      | Noticed a slave
   425 | D:4      | Noticed Pikel
   426 | D:4      | Noticed a slave
   439 | D:4      | Killed from afar by Pikel

Levels and vault maps discovered:
D:1:      roderic_chinese_lattice_arrival, layout_basic
D:2:      layout_loops_ring, fedhas_altar_2, minmay_cupped
D:3:      layout_loops_ring
D:4:      layout_rooms, chequers_jeans, uniq_pikel

Skill      XL: |  1  2  3  4 |
---------------+-------------+-----
Axes           | 3 4 |  4.0
Fighting       | 4 |  4.2
Armour         | 4 |  4.2
Shields        | 4 |  4.2

Action                   |  1- 3 |  4- 6 || total
-------------------------+-------+-------++-------
Melee: War axe           |    48 |     7 ||    55
       Headbutt          |     6 |       ||     6
Armor: Scale mail        |    22 |     4 ||    26
Dodge: Dodged            |    15 |     5 ||    20
Block: Kite shield       |    26 |     8 ||    34

Table legend:
 A = Non-vault XP
 B = Vault XP
 C = Vault XP percentage of total XP
 D = Non-vault monster count
 E = Vault monster count
 F = Vault count percentage of total count
                 A         B        C        D         E       F
            +---------+---------+-------+---------+---------+-------
      Total |     125 |       0 |   0.0 |      17 |       0 |   0.0
            +---------+---------+-------+---------+---------+-------
        D:1 |       3 |       0 |   0.0 |       2 |       0 |   0.0
        D:2 |      16 |       0 |   0.0 |       7 |       0 |   0.0
        D:3 |      63 |       0 |   0.0 |       4 |       0 |   0.0
        D:4 |      43 |       0 |   0.0 |       4 |       0 |   0.0
            +---------+---------+-------+---------+---------+-------
